 Dungeon Crawl Stone Soup version 0.28.0 (webtiles) character file.

Game seed: 1758393766296240191

137 mopl the Sneak (level 5, -5/36 HPs)
             Began as an Octopode Brigand on Feb 16, 2022.
             Shot with an arrow by a centaur (6 damage)
             ... on level 4 of the Dungeon.
             The game lasted 00:02:22 (1800 turns).

mopl the Sneak (Octopode Brigand)                   Turns: 1800, Time: 00:02:22

Health: -5/36      AC:  1    Str: 10    XL:     5   Next: 20%
Magic:  5/5        EV: 13    Int: 14    God:
Gold:   96         SH:  0    Dex: 15    Spells: 4/4 levels left

rFire   . . .      SeeInvis .   a - +2 dagger
rCold   . . .      Faith    .   (no shield)
rNeg    + . .      Spirit   .   (helmet restricted)
rPois   .          Reflect  .   (no amulet)
rElec   .          Harm     .   m - ring of positive energy
rCorr   .          Rampage  .   (no ring)
Will    .....                   (no ring)
Stlth   ++++......              (no ring)
HPRegen 0.12/turn               (no ring)
MPRegen 0.09/turn               (no ring)
                                (no ring)
                                (no ring)

@: no status effects
A: almost no armour, amphibious, 8 rings, camouflage 1, gelatinous body 1,
(nimble swimmer 1), tentacles
a: no special abilities


You were on level 4 of the Dungeon.
You visited 1 branch of the dungeon, and saw 4 of its levels.

You collected 96 gold pieces.

Inventory:

Hand Weapons
 a - a +2 dagger (weapon)
 b - a +0 falchion
Missiles
 c - 2 curare-tipped darts
 d - 44 stones
 l - 8 poisoned darts (quivered)
Jewellery
 m - a ring of positive energy (left tentacle)
Wands
 n - a wand of flame (16)
Scrolls
 e - 2 scrolls of blinking {unknown}
 g - a scroll of identify {unknown}
 h - a scroll of fog {unknown}
Potions
 f - a potion of invisibility {unknown}
 i - a potion of attraction {unknown}
 j - 2 potions of lignification {unknown}
 k - a potion of haste {unknown}


   Skills:
 + Level 2.8 Fighting
 - Level 2.0(2.3) Short Blades
 + Level 1.9(2.3) Long Blades
 + Level 2.9 Throwing
 + Level 2.2 Dodging
 + Level 6.1 Stealth


You had 4 spell levels left.
You didn't know any spells.
Your spell library was empty.

Dungeon Overview and Level Annotations

Branches:
Dungeon (4/15)             Temple (0/1) D:4

Altars:
Beogh


Innate Abilities, Weirdness & Mutations

You cannot wear most types of armour.
You are amphibious.
You can wear up to eight rings at the same time.
Your skin changes colour to match your surroundings (Stealth+).
Your rubbery body absorbs attacks. (AC +1, EV +1)
((You are camouflaged when in or above water. (Stealth+)))
You have tentacles for arms and can constrict up to eight enemies at once.


Message History

The centaur closely misses you. The centaur kicks you.
A giant cockroach comes into view.
The centaur hits you. The centaur kicks you.
* * * LOW HITPOINT WARNING * * *
The centaur misses you. The centaur kicks you.
* * * LOW HITPOINT WARNING * * *
Found 8 gold pieces and a robe.
The adder barely misses you.
The centaur wields a +0 shortbow.
The centaur shoots an arrow.
The arrow barely misses you.
The arrow hits the adder.
The adder closely misses you. The giant cockroach misses you.
The adder barely misses you.
You barely miss the adder. You grab the adder.
The adder is heavily wounded.
You constrict the adder.
The giant cockroach completely misses you.
The adder closely misses you. The orc hits you with a +0 dagger.
* * * LOW HITPOINT WARNING * * *
Unknown command.
You hit the adder.
The adder is severely wounded.
You constrict the adder.
The centaur unwields a +0 shortbow.
The centaur closely misses you. The centaur kicks you.
* * * LOW HITPOINT WARNING * * *
The giant cockroach bites you but does no damage.
The orc priest looks braver for a moment.
The adder closely misses you. The giant cockroach bites you.
* * * LOW HITPOINT WARNING * * *
You barely miss the adder. You squeeze the adder.
The adder is almost dead.
You constrict the adder.
You kill the adder!
The centaur hits you.
* * * LOW HITPOINT WARNING * * *
The centaur barely misses you. The orc hits you with a +0 dagger.
* * * LOW HITPOINT WARNING * * *
The centaur barely misses you. The centaur misses you.
The giant cockroach closely misses you. The orc completely misses you.
The centaur wields a +0 shortbow.
The centaur shoots an arrow.
The arrow hits you.
You die...

#.##### #o#...#
#.#.#.## #
###......#.#
#....o#.#.#.##
#.##[........#
#...)#.#.#...#
...#...oBc.#...#
#.#...#.@.#...#..
#...#.).....#...#
##...#.#.#...###
###............
#..#.#..#####
#.... ..# .[$.#
... ...#. ..##


You could see a centaur, an orc priest, an orc wizard, an orc and a giant
cockroach.

Vanquished Creatures
  Ijyb (D:3)
  A hound skeleton (D:2)
  A gnoll (D:3)
  4 adders
  A worm (D:2)
  A dart slug (D:1)
  3 orcs
  2 endoplasms
  4 giant cockroaches
  3 goblins (D:1)
  3 hobgoblins
  4 jackals (D:2)
  4 kobolds
  A quokka (D:2)
  5 ball pythons
  6 bats
  2 frilled lizards (D:1)
  5 rats
51 creatures vanquished.

Notes
Turn   | Place    | Note
-------+----------+-------------------------------------------
     0 | D:1      | mopl the Octopode Brigand began the quest for the Orb.
     0 | D:1      | Reached XP level 1. HP: 14/14 MP: 1/1
    92 | D:1      | Reached XP level 2. HP: 18/19 MP: 2/2
   655 | D:1      | Reached XP level 3. HP: 16/24 MP: 3/3
   798 | D:2      | Reached skill level 1 in Long Blades
  1028 | D:2      | Reached XP level 4. HP: 30/30 MP: 4/4
  1376 | D:2      | Found a faded altar of an unknown god.
  1662 | D:3      | Noticed Ijyb
  1668 | D:3      | Reached skill level 2 in Dodging
  1685 | D:3      | Killed Ijyb
  1686 | D:3      | Reached skill level 6 in Stealth
  1686 | D:3      | Reached XP level 5. HP: 11/36 MP: 5/5
  1788 | D:4      | Found a staircase to the Ecumenical Temple.
  1791 | D:4      | Noticed a centaur
  1799 | D:4      | HP: 1/36 [orc (4)]
  1800 | D:4      | Shot with an arrow by a centaur

Illustrated notes

Levels and vault maps discovered:
D:1:      nicolae_arrival_somewhat_less_tricky_arrival, layout_rooms
D:2:      layout_basic, serial_forest, infiniplex_forest_join,
          infiniplex_forest_lined_3_way, infiniplex_forest_lined_corner,
          infiniplex_forest_clump_tiny, infiniplex_forest_lined_corner,
          infiniplex_forest_lined_2, hellmonk_ecumenical_altar_defaced_shrine,
          grunt_decor_cap, eino_tiny_chamber
D:3:      layout_loops_ring, minmay_misc_feat_diagonals,
          kennysheep_decorative_pillar, uniq_crazy_yiuf_cottage, uniq_ijyb
D:4:      kennysheep_the_goblin_king, layout_loops_ring,
          mainiacjoe_overflow_alcove_4, minmay_temple_entry_sparse_star,
          chequers_jeans, grunt_decor_fettered, uniq_pikel

Skill      XL: |  1  2  3  4 |
---------------+-------------+-----
Long Blades    | 1 |  1.9
Dodging        | 2 |  2.2
Stealth        | 6 |  6.1
Fighting       | |  2.8
Short Blades   | |  2.0
Throwing       | |  2.9

Action                   |  1- 3 |  4- 6 || total
-------------------------+-------+-------++-------
Melee: Dagger            |    56 |    45 ||   101
       Constrict         |    10 |    11 ||    21
       Tentacles         |     7 |    10 ||    17
 Stab: Sleeping          |    12 |     5 ||    17
Armor: Skin              |     2 |     6 ||     8
Dodge: Dodged            |    21 |    43 ||    64
